 Dungeon Crawl Stone Soup version 0.13-a0-3110-gf6e36dc (webtiles) character file.

140153 Misa the Sorcerer (level 16, -11/88 HPs)
             Began as a Deep Elf Fire Elementalist on Sept 20, 2013.
             Was the Champion of Vehumet.
             Killed from afar by a bog body (45 damage)
             ... with a bolt of cold
             ... on Level 4 of the Swamp.
             The game lasted 05:13:07 (43161 turns).

Misa the Sorcerer (Deep Elf Fire Elementalist)     Turns: 43161, Time: 05:13:07

HP -11/88        AC  6     Str 11      XL: 16   Next: 69%
MP  19/42        EV 10     Int 28      God: Vehumet [******]
Gold 2715        SH  8     Dex 15      Spells: 13 memorised, 12 levels left

Res.Fire  : + . .   See Invis. : .   B - staff of energy
Res.Cold  : x . .   Warding    : .   u - +2 troll leather armour
Life Prot.: + . .   Conserve   : .   v - +0 dwarf buckler
Res.Poison: +       Res.Corr.  : .   F - +0 helmet
Res.Elec. : .       Clarity    : .   P - -4 cloak of Mnures {MR++ Int+2}
Sust.Abil.: . .     Spirit.Shd : .   p - +0 pair of elf gloves
Res.Mut.  : .       Stasis     : .   w - +0 pair of boots
Res.Rott. : .       Flight     : .   m - amulet of the gourmand
Gourmand  : +                        x - ring of Meaty {rPois rN+ Str+4 Stlth}
                                     L - ring of fire

@: very slightly contaminated, delayed fireball, extremely resistant to hostile
enchantments, fairly stealthy
A: no striking features
a: Renounce Religion, Release Delayed Fireball


You were on level 4 of the Swamp.
You worshipped Vehumet.
Vehumet was exalted by your worship.
You were very full.

You visited 5 branches of the dungeon, and saw 34 of its levels.

You collected 3531 gold pieces.
You spent 836 gold pieces at shops.

Inventory:

Armour
 p - a +0 pair of elven gloves (worn)
 u - a +2 troll leather armour (worn)
 v - a +0 dwarven buckler (worn)
 w - a +0 pair of boots (worn)
 F - a +0 helmet (worn)
 P - the -4 cloak of Mnures (worn) {MR++ Int+2}
   (You acquired it on level 13 of the Dungeon)

   It affects your intelligence (+2).
   It affects your resistance to hostile enchantments.
Magical devices
 g - a wand of digging (8) {unknown}
 i - a wand of disintegration (8) {unknown}
Comestibles
 a - a sausage
 b - a pear
 c - 6 bread rations
 d - 6 meat rations
 C - 2 apples
 D - a snozzcumber
Scrolls
 e - a scroll of blinking
 l - 2 scrolls of magic mapping
 z - 2 scrolls of remove curse
 M - 5 scrolls of teleportation
 S - 5 scrolls of identify
Jewellery
 m - an amulet of the gourmand (around neck)
 s - an uncursed ring of sustenance
 x - the ring of Meaty (right hand) {rPois rN+ Str+4 Stlth}
   (You bought it in a shop on level 9 of the Dungeon)

   [ring of strength]

   It affects your strength (+4).
   It protects you from poison.
   It protects you from negative energy.
   It makes you more stealthy.
 A - an uncursed ring of protection from fire
 L - a ring of fire (left hand)
 N - an uncursed amulet of clarity
Potions
 f - 2 potions of invisibility
 j - 3 potions of magic
 k - 2 potions of might
 n - 3 potions of restore abilities
 o - 6 potions of curing
 r - 2 potions of resistance
 t - 5 potions of heal wounds
 G - 2 potions of speed
 U - a potion of brilliance
Magical staves
 q - an uncursed staff of death
 B - an uncursed staff of energy (weapon)
Miscellaneous
 h - a bottled efreet
 y - a box of beasts


   Skills:
 + Level 7.2 Fighting
 - Level 2.4 Dodging
 - Level 2.4 Stealth
 * Level 22.2 Spellcasting
 + Level 14.2 Conjurations
 - Level 3.8 Translocations
 + Level 13.1 Fire Magic
 - Level 6.0 Air Magic
 - Level 6.4 Poison Magic
 - Level 12.7 Evocations


You had 12 spell levels left.
You knew the following spells:

 Your Spells              Type           Power        Failure   Level  Hunger
a - Flame Tongue          Conj/Fire      #####        0%          1    None
b - Conjure Flame         Conj/Fire      ########     1%          3    None
c - Sticky Flame          Conj/Fire      ########     1%          4    None
d - Flight                Chrm/Air       #####.....   1%          3    None
e - Fireball              Conj/Fire      ########..   1%          5    None
f - Mephitic Cloud        Conj/Pois/Air  ######..     1%          3    None
g - Poisonous Cloud       Conj/Pois/Air  ######....   3%          6    None
i - Ignite Poison         Fire/Trmt      #######...   1%          5    None
j - Orb of Destruction    Conj           #######...   1%          7    None
k - Blink                 Tloc           N/A          1%          2    None
l - Repel Missiles        Chrm/Air       #####.....   1%          2    None
m - Delayed Fireball      Conj/Fire      N/A          2%          7    None
t - Control Teleport      Chrm/Tloc      #####.....   10%         4    None


Dungeon Overview and Level Annotations

Branches:
Dungeon (17/27)            Temple (1/1) D:4             Orc (4/4) D:9
    Elf (0/3) Orc:4          Lair (8/8) D:13          Swamp (4/5) Lair:5
 Spider (0/5) Lair:6        Slime (0/6) Lair:8       Vaults (0/5) D:16

Altars:
Ashenzari
Cheibriados
Elyvilon
Fedhas
Kikubaaqudgha
Makhleb
Nemelex Xobeh
Okawaru
Sif Muna
Trog
Vehumet
Xom
Yredelemnul
Zin
the Shining One
Beogh

Shops:
D:6 =   D:8 !   D:9 =   D:13 [   D:16 *   Orc:1 =   Orc:3 [   Orc:4 }%[}

Portals:
Ziggurat: D:3 (3350 gp)
Trove: D:16 (give 2 potions of cure mutation)

Annotations:
Orc:3 exclusion: downstairs
Lair:5 exclusion: oklob plant


Message History

Vehumet accepts your kill.
You feel your power returning.
You hear a splash.
Casting: Orb of Destruction
Confirm with . or Enter, or press ? or * to list all spells.
Aiming: Fireball
Press: ? - help, Shift-Dir - straight line, f - swamp worm
Aim: a swamp worm
Okay, then.
Casting: Fireball
Confirm with . or Enter, or press ? or * to list all spells.
Aiming: Orb of Destruction
Press: ? - help, Shift-Dir - straight line The bog body casts a spell at you.
The bolt of cold hits you!
You feel a terrible chill! The bog body casts a spell at you.
The bolt of cold hits you!
You feel a terrible chill!
One of your 4 potions of restore abilities freezes and shatters!
Ouch! That really hurt!
You die...

♣♣♣ ♣♣♣ ♣≈≈♣♣♣
.?≈≈♣♣♣♣.≈≈.≈♣
≈.≈%≈/≈≈.≈%≈.♣♣
≈.n§*§§§@≈w.%≈♣
..$.w♣♣≈...≈♣.≈≈♣
. ♣♣≈≈≈≈♣ .≈≈≈♣♣
$≈≈≈♣ ..≈.♣♣
.≈.$♣ .....≈ ..≈


You could see a bog body and 2 swamp worms.

Vanquished Creatures
  Saint Roka (Swamp:3)
  Nikola (D:14)
  Donald (Swamp:2)
  Aizul (Swamp:2)
  Jorgrun (Swamp:2)
  A dragon (Lair:8)
  6 hydras
  9 vault guards (D:16)
  A ravenous feature mimic (Lair:6)
  Fannar (Orc:2)
  Harold (Lair:5)
  Erica (Orc:4)
  5 alligators
  An ogre mage (D:16)
  11 death yaks (Lair:8)
  Urug (Orc:2)
  3 orc high priests (Orc:4)
  4 centaur warriors
  Erolcha (Orc:2)
  7 skeletal warriors
  3 unseen horrors
  A giant amoeba (D:13)
  6 hill giants
  A deep elf conjurer (Orc:4)
  Joseph (D:9)
  7 orc knights
  3 cyclopes
  A stone giant zombie (D:16)
  6 orc sorcerers
  A red wasp (Swamp:2)
  The ghost of wvc the Nimble, an experienced KoBe of Trog (D:5)
  A spiny worm (D:16)
  14 elephants
  Maurice (Orc:3)
  3 black mambas
  13 spiny frogs
  Psyche (D:13)
  4 komodo dragons
  A wandering mushroom (Lair:8)
  A harpy zombie (D:13)
  10 giant leeches
  6 polar bears (Lair:8)
  4 fire drakes
  23 blink frogs
  2 jumping spiders (Lair:6)
  9 two-headed ogres
  8 trolls
  A boulder beetle (Lair:4)
  3 baby alligators (Swamp:1)
  6 bog bodies
  A catoblepas skeleton (D:13)
  11 grizzly bears
  A deep elf mage (Orc:4)
  29 slime creatures
  8 basilisks
  19 ugly things
  A shadow (D:13)
  A hill giant zombie (D:14)
  An ice dragon skeleton (D:15)
  5 wyverns
  A griffon skeleton (D:16)
  2 sharks
  2 wraiths
  3 elephant slugs
  A water elemental (D:13)
  10 deep elf fighters (Orc:4)
  Grum (D:8)
  A hill giant skeleton (D:13)
  49 yaks
  4 steam dragons
  3 hungry ghosts
  5 hippogriffs
  29 swamp worms
  3 manticores
  26 vampire mosquitoes
  7 swamp drakes
  12 porcupines
  3 mottled dragons
  A human (D:12)
  9 ice beasts
  A necrophage (D:8)
  3 black bears (Lair:8)
  5 sky beasts
  4 nagas (Lair:6)
  A phantom (D:9)
  The ghost of wvc the Skirmisher, an average DrBe of Trog (D:4)
  5 giant goldfish
  27 ogres
  29 orc warriors
  2 yellow wasps (D:11)
  3 centaurs
  A hill giant simulacrum (D:16)
  4 wargs
  18 crocodiles
  12 giant slugs
  A big kobold (D:16)
  A brain worm (D:16)
  24 giant frogs
  Blork the orc (D:6)
  4 gnoll sergeants (D:8)
  2 agate snails
  9 water moccasins
  A cyclops zombie (D:15)
  A yaktaur skeleton (D:13)
  3 eyes of draining
  A hippogriff zombie (D:11)
  A yak zombie (D:14)
  A yak skeleton (D:13)
  27 electric eels
  4 jellyfish
  29 killer bees
  5 wights (D:7)
  7 crimson imps
  A centaur zombie (D:9)
  2 goliath beetles (D:13)
  19 hounds
  4 scorpions
  A two-headed ogre zombie (D:14)
  6 big fish
  3 gnoll shamans (D:8)
  3 quasits
  27 orc priests
  5 jellies
  A spider (Lair:6)
  39 orc wizards
  7 worker ants
  A black bear skeleton (D:8)
  14 iguanas
  14 sheep
  A shapeshifter simulacrum (D:14)
  A big kobold zombie (D:13)
  An ogre zombie (D:15)
  2 worker ant zombies
  18 adders
  5 giant centipedes
  27 gnolls
  39 green rats
  3 giant mites
  6 worms
  2 inept feature mimics
  An adder skeleton (D:8)
  5 giant eyeballs
  3 giant geckos
  2 oozes
  170 orcs
  19 bats
  4 giant cockroaches
  22 goblins
  15 hobgoblins
  21 jackals
  12 kobolds
  10 quokkas
  4 giant newts
  4 giant spores
  A hobgoblin zombie (D:8)
  2 kobold skeletons
  25 rats
  2 rat skeletons (D:6)
  43 ballistomycetes
  4 bushes
  6 fungi
  12 plants
1326 creatures vanquished.

Vanquished Creatures (collateral kills)
  A feature mimic (D:12)
1 creature vanquished.

Vanquished Creatures (others)
  A sky beast (D:7)
  A big kobold (D:14)
  2 orcs
  A kobold (D:14)
  4 giant spores (D:13)
  8 ballistomycetes (D:13)
  7 fungi
  2 plants (Lair:8)
26 creatures vanquished.

Grand Total: 1353 creatures vanquished

Notes
Turn   | Place    | Note
--------------------------------------------------------------
     0 | D:1      | Misa, the Deep Elf Fire Elementalist, began the quest for the Orb.
     0 | D:1      | Reached XP level 1. HP: 10/10 MP: 4/4
   885 | D:2      | Reached XP level 2. HP: 15/15 MP: 5/7
  1747 | D:2      | Reached XP level 3. HP: 19/19 MP: 5/10
  1827 | D:2      | Learned a level 3 spell: Conjure Flame
  2262 | D:2      | Reached skill level 4 in Fire Magic
  2332 | D:2      | Reached XP level 4. HP: 18/24 MP: 10/13
  2788 | D:3      | Found a gateway to a ziggurat.
  3104 | D:4      | Found a staircase to the Ecumenical Temple.
  3104 | D:4      | Noticed wvc's ghost (average DrBe)
  3844 | D:4      | Noticed a phantom
  3893 | D:4      | Learned a level 4 spell: Sticky Flame
  3956 | D:4      | Paralysed by a giant eyeball for 2 turns
  3992 | D:4      | Reached XP level 5. HP: 28/28 MP: 6/17
  4085 | D:4      | Noticed an ogre
  4105 | D:4      | Killed an ogre
  4105 | D:4      | Reached skill level 5 in Spellcasting
  4530 | D:4      | Found an iron altar of Okawaru.
  4628 | D:4      | Reached XP level 6. HP: 32/32 MP: 15/20
  4789 | D:4      | Killed wvc's ghost
  4789 | D:4      | Reached skill level 6 in Spellcasting
  4789 | D:4      | Reached skill level 5 in Fire Magic
  5086 | Temple   | Entered the Ecumenical Temple
  5318 | Temple   | Became a worshipper of Vehumet
  5389 | D:5      | Entered Level 5 of the Dungeon
  5892 | D:5      | Found a basalt altar of Yredelemnul.
  6173 | D:5      | Reached XP level 7. HP: 36/36 MP: 9/23
  6251 | D:5      | Noticed wvc's ghost (experienced KoBe)
  6709 | D:5      | Killed wvc's ghost
  6709 | D:5      | Reached skill level 8 in Spellcasting
  7058 | D:5      | Acquired Vehumet's first power
  7058 | D:5      | Offered knowledge of Magic Dart by Vehumet.
  7058 | D:5      | hurdos: Hi
  7058 | D:5      | Misa: hello
  7058 | D:5      | hurdos: why DE?
  7080 | D:5      | Misa: great caster
  7142 | D:5      | hurdos: but can die near orb :)
  7205 | D:5      | Reached skill level 5 in Conjurations
  7289 | D:6      | hurdos: ok, good luck
  7292 | D:6      | hurdos: I hate elfs
  7296 | D:6      | Reached XP level 8. HP: 33/41 MP: 19/26
  7475 | D:6      | Found Ghoady's Jewellery Shoppe.
  7560 | D:6      | Found a sparkling altar of Nemelex Xobeh.
  7603 | D:6      | Learned a level 3 spell: Flight
  7612 | D:6      | Learned a level 5 spell: Fireball
  7726 | D:6      | Noticed Blork the orc
  7997 | D:6      | Paralysed by a giant eyeball for 2 turns
  8346 | D:7      | Reached skill level 9 in Spellcasting
  8586 | D:7      | Noticed a hill giant
  8595 | D:7      | Found a bloodstained altar of Trog.
  8600 | D:7      | Killed a hill giant
  8600 | D:7      | Reached skill level 10 in Spellcasting
  8700 | D:7      | Reached XP level 9. HP: 45/45 MP: 19/29
  8784 | D:7      | Offered knowledge of Shock by Vehumet.
  8964 | D:7      | Paralysed by you for 2 turns
  9191 | D:7      | Reached skill level 11 in Spellcasting
  9322 | D:8      | Found Duducsoa's Distillery.
 10289 | D:7      | Offered knowledge of Static Discharge by Vehumet.
 10317 | D:8      | Reached skill level 12 in Spellcasting
 10912 | D:7      | Acquired Vehumet's second power
 11113 | D:8      | Reached XP level 10. HP: 42/50 MP: 8/32
 11279 | D:8      | Bought a potion of curing for 26 gold pieces
 11279 | D:8      | Bought a potion of curing for 26 gold pieces
 11279 | D:8      | Bought a potion of mutation for 39 gold pieces
 11279 | D:8      | Bought a potion of poison for 13 gold pieces
 11279 | D:8      | Bought a potion of degeneration for 26 gold pieces
 11279 | D:8      | Bought a potion of slowing for 13 gold pieces
 11294 | D:7      | Paralysed by a potion of paralysis for 7 turns
 11335 | D:8      | Noticed Grum
 11341 | D:8      | Killed Grum
 11341 | D:8      | Reached skill level 13 in Spellcasting
 11487 | D:8      | Found a glowing golden altar of the Shining One.
 11892 | D:8      | Offered knowledge of Mephitic Cloud by Vehumet.
 11911 | D:8      | Learned a level 3 spell: Mephitic Cloud
 12003 | D:9      | Noticed Joseph
 12043 | D:9      | Killed Joseph
 12348 | D:9      | Found a staircase to the Orcish Mines.
 12366 | D:9      | Found a roughly hewn altar of Beogh.
 12566 | D:9      | Reached skill level 14 in Spellcasting
 12758 | D:9      | Acquired Vehumet's third power
 13073 | D:9      | Found Buditeug's Jewellery Shop.
 13117 | D:9      | Offered knowledge of Iskenderun's Battlesphere by Vehumet.
 13193 | D:9      | Found a staircase to the Lair.
 13478 | D:10     | Entered Level 10 of the Dungeon
 13595 | D:10     | Paralysed by a giant eyeball for 4 turns
 14141 | Orc:1    | Entered Level 1 of the Orcish Mines
 14484 | Orc:1    | Found Weisah's Jewellery Shop.
 14566 | Orc:1    | Found a frozen archway.
 14573 | Orc:1    | Reached skill level 10 in Fire Magic
 14654 | Orc:2    | Noticed an orc knight
 14781 | Orc:1    | Killed an orc knight
 15089 | Orc:1    | Reached XP level 11. HP: 43/54 MP: 27/34
 15495 | Orc:3    | Offered knowledge of Bolt of Draining by Vehumet.
 16014 | Orc:4    | Entered Level 4 of the Orcish Mines
 16031 | Orc:4    | Noticed Maurice
 16111 | Orc:3    | Killed Maurice
 16111 | Orc:3    | Reached skill level 15 in Spellcasting
 16293 | Orc:4    | Noticed Erica
 16620 | D:9      | Bought the ring of Meaty {rPois rN+ Str+4 Stlth} for 618 gold pieces
 16700 | D:6      | Killed Blork the orc
 17901 | D:8      | Offered knowledge of Poisonous Cloud by Vehumet.
 17909 | D:8      | Learned a level 6 spell: Poisonous Cloud
 18208 | D:10     | Reached skill level 1 in Poison Magic
 18209 | D:10     | Reached skill level 1 in Air Magic
 18315 | D:11     | Noticed a hill giant
 18320 | D:11     | Killed a hill giant
 18413 | D:11     | Reached skill level 10 in Conjurations
 18681 | D:11     | Reached skill level 16 in Spellcasting
 18767 | D:11     | Killed an unseen horror
 18994 | D:9      | the staircase to the Lair was a mimic.
 19259 | D:11     | Noticed a hill giant
 19273 | D:11     | Killed a hill giant
 19886 | D:12     | Learned a level 4 spell: Control Teleport
 19971 | D:12     | Found Jotiug's Antique Weapon Boutique.
 19973 | D:12     | Jotiug's Antique Weapon Boutique was a mimic.
 20022 | D:12     | Reached XP level 12. HP: 38/59 MP: 28/36
 20541 | D:12     | Noticed a hill giant
 20572 | D:12     | Killed a hill giant
 21010 | D:12     | Found a deep blue altar of Sif Muna.
 21214 | D:13     | Identified a scroll of acquirement
 21215 | D:13     | Got a brightly glowing cloak
 21220 | D:13     | Identified the -4 cloak of Mnures {MR++ Int+2} (You acquired it on level 13 of the Dungeon)
 21323 | D:13     | Reached skill level 17 in Spellcasting
 21414 | D:13     | Found Cidistrie's Armour Shoppe.
 21571 | D:13     | Noticed Psyche
 21577 | D:13     | Killed Psyche
 21733 | D:12     | saturine: loh
 21733 | D:12     | saturine: pidor
 21733 | D:12     | saturine: mamu ebal
 21786 | D:12     | saturine: MUDJAK
 21827 | D:12     | Misa: no u
 21851 | D:13     | Reached skill level 5 in Poison Magic
 22015 | D:13     | Found a staircase to the Lair.
 22331 | D:13     | Reached skill level 5 in Air Magic
 22906 | D:13     | Reached skill level 18 in Spellcasting
 23118 | D:13     | Offered knowledge of Ignite Poison by Vehumet.
 23936 | D:13     | Reached XP level 13. HP: 63/63 MP: 14/38
 24252 | Lair:1   | Entered Level 1 of the Lair of Beasts
 24830 | Lair:1   | Reached skill level 1 in Fighting
 25911 | Lair:2   | Learned a level 5 spell: Ignite Poison
 26368 | Lair:3   | Reached skill level 1 in Evocations
 27573 | Lair:4   | Reached skill level 5 in Evocations
 28952 | Lair:5   | Offered knowledge of Bolt of Magma by Vehumet.
 29199 | Lair:5   | Found a staircase to the Swamp.
 29215 | Lair:5   | Noticed Harold
 29267 | Lair:5   | Killed Harold
 29983 | Lair:6   | Reached skill level 10 in Evocations
 30538 | Lair:6   | Offered knowledge of Orb of Destruction by Vehumet.
 30547 | Lair:6   | Learned a level 7 spell: Orb of Destruction
 30675 | Lair:6   | Found a staircase to the Snake Pit.
 30826 | Lair:6   | Found a hole to the Spider Nest.
 31790 | Lair:7   | Reached XP level 14. HP: 70/70 MP: 20/39
 32002 | Lair:8   | Entered Level 8 of the Lair of Beasts
 32182 | Lair:8   | Learned a level 2 spell: Blink
 32185 | Lair:8   | Learned a level 2 spell: Repel Missiles
 32390 | Lair:8   | Reached skill level 19 in Spellcasting
 32544 | Lair:8   | Found a staircase to the Slime Pits.
 33293 | Lair:8   | Offered knowledge of Delayed Fireball by Vehumet.
 33302 | Lair:8   | Learned a level 7 spell: Delayed Fireball
 33657 | Lair:6   | the staircase to the Snake Pit was a mimic.
 33886 | D:14     | Entered Level 14 of the Dungeon
 34128 | D:14     | Noticed Nikola
 34138 | D:14     | Killed Nikola
 35075 | D:15     | Entered Level 15 of the Dungeon
 35227 | D:15     | Reached skill level 20 in Spellcasting
 35451 | D:15     | Reached XP level 15. HP: 69/78 MP: 27/41
 35685 | D:15     | Offered knowledge of Bolt of Fire by Vehumet.
 36172 | D:15     | Reached skill level 1 in Translocations
 36553 | D:16     | Reached skill level 5 in Fighting
 36975 | D:16     | Found a staircase to the Vaults.
 37146 | D:16     | Found Vuohaita's General Store.
 37602 | D:16     | Found a portal to a secret trove of treasure.
 38095 | D:11     | Offered knowledge of Fire Storm by Vehumet.
 38095 | D:11     | Offered knowledge of Chain Lightning by Vehumet.
 38095 | D:11     | Offered knowledge of Tornado by Vehumet.
 38359 | Orc:2    | Noticed Fannar
 38362 | Orc:2    | Killed Fannar
 38364 | Orc:2    | Noticed Urug
 38366 | Orc:2    | Killed Urug
 38367 | Orc:2    | Noticed Erolcha
 38385 | Orc:2    | Killed Erolcha
 39146 | Orc:3    | Found Soegu's Antique Armour Boutique.
 39314 | Orc:4    | Found a staircase to the Elven Halls.
 39335 | Orc:4    | Reached skill level 21 in Spellcasting
 39415 | Orc:4    | Killed Erica
 39789 | Orc:4    | Noticed an orc high priest
 39793 | Orc:4    | Noticed an orc high priest
 39793 | Orc:4    | Noticed an orc high priest
 39797 | Orc:4    | Killed an orc high priest
 39797 | Orc:4    | Killed an orc high priest
 39804 | Orc:4    | Reached XP level 16. HP: 86/86 MP: 40/42
 39820 | Orc:4    | YOLOSWAG: Why do people play online when its so slow and the UI sucks?
 39844 | Orc:3    | YOLOSWAG: Also did you start as a FE?
 39844 | Orc:3    | Misa: online = shared highscore, more ghosts, can discuss how friends playing, no need to install client, etc.
 39844 | Orc:3    | Misa: and yes, I started as FE
 39848 | Orc:3    | YOLOSWAG: ok
 39858 | Orc:3    | YOLOSWAG: thank you
 39941 | Orc:4    | Found Cenev's Gadget Shoppe.
 39953 | Orc:4    | Found Zian's Food Boutique.
 39959 | Orc:4    | Found Ghay's Gadget Boutique.
 39962 | Orc:4    | Found Yla Hah's Antique Armour Shoppe.
 39965 | Orc:4    | Killed an orc high priest
 40045 | Orc:4    | Bought a shiny helmet for 75 gold pieces
 40427 | Swamp:1  | Entered Level 1 of the Swamp
 41136 | Swamp:2  | Noticed Donald
 41144 | Swamp:2  | Killed Donald
 41180 | Swamp:2  | Noticed Aizul
 41192 | Swamp:2  | Killed Aizul
 41387 | Swamp:2  | Noticed Jorgrun
 41431 | Swamp:2  | Killed Jorgrun
 42030 | Swamp:3  | Noticed Saint Roka
 42350 | Swamp:3  | Reached skill level 22 in Spellcasting
 42649 | Swamp:3  | Killed Saint Roka
 43161 | Swamp:4  | Killed from afar by a bog body

Action                   |  1- 3 |  4- 6 |  7- 9 | 10-12 | 13-15 | 16-18 || total
-------------------------+-------+-------+-------+-------+-------+-------++-------
Melee: Spear             |    14 |   104 |   135 |   447 |     4 |       ||   704
       Staff             |       |       |       |       |     6 |       ||     6
 Fire: Sling             |       |    11 |       |       |       |       ||    11
Throw: Dart              |       |       |     2 |     2 |       |       ||     4
 Cast: Flame Tongue      |    63 |    91 |   196 |   276 |    15 |     1 ||   642
       Conjure Flame     |     3 |    15 |    37 |    67 |     7 |       ||   129
       Sticky Flame      |       |     2 |    18 |    32 |     6 |       ||    58
       Fireball          |       |       |    25 |   208 |   554 |   149 ||   936
       Mephitic Cloud    |       |       |       |    11 |     1 |       ||    12
       Poisonous Cloud   |       |       |       |    43 |   125 |    15 ||   183
       Control Teleport  |       |       |       |     1 |     3 |       ||     4
       Orb of Destructio |       |       |       |       |    35 |    44 ||    79
       Ignite Poison     |       |       |       |       |    26 |     3 ||    29
       Blink             |       |       |       |       |    10 |       ||    10
       Delayed Fireball  |       |       |       |       |     6 |       ||     6
       Flight            |       |       |       |       |     2 |    34 ||    36
       Repel Missiles    |       |       |       |       |     4 |       ||     4
 Abil: Release Delayed F |       |       |       |       |     5 |       ||     5
Evoke: Wand              |       |     1 |     2 |     3 |    10 |       ||    16
       Miscellaneous     |       |       |       |       |   708 |   298 ||  1006
  Use: Potion            |       |     4 |       |    12 |     2 |       ||    18
       Scroll            |       |    11 |     5 |    18 |     8 |     4 ||    46
 Stab: Sleeping          |     1 |     3 |       |       |       |       ||     4
